 Dungeon Crawl Stone Soup version 0.30-a0-1114-gd936c97349 (webtiles) character file.

Game seed: 10003240680653236002

316 lunkers the Cutter (level 7, -4/50 HPs)
             Began as a Meteoran Wanderer on Apr 20, 2023.
             Was a Priest of Jiyva.
             Shot with a sling bullet by a centaur (10 damage)
             ... on level 5 of the Dungeon.
             The game lasted 00:05:48 (1834 turns).

lunkers the Cutter (Meteoran Wanderer)              Turns: 1834, Time: 00:05:48

Health: -4/50      AC:  3    Str: 11    XL:     7   Next: 3%
Magic:  2/13       EV: 11    Int: 16    God:    Jiyva [***...]
Gold:   148        SH:  5    Dex: 20    Spells: 3/12 levels left

rFire   . . .      SeeInvis .    a - +1 dagger (elec)
rCold   . . .      Faith    .    d - +0 buckler
rNeg    . . .      Spirit   .    c - +0 robe
rPois   .          Reflect  .    (no helmet)
rElec   .          Rampage  .    (no cloak)
rCorr   +          Clarity  +    (no gloves)
Will    .....                    j - +0 pair of boots
Stlth   +                        (no amulet)
HPRegen 1.40/turn                (no ring)
MPRegen 0.48/turn                r - ring of wizardry

@: lethally poisoned (-4 -> -4), glowing
A: sense surroundings 1, otherworldly, glowing, explore regen, agile 2, clarity,
jelly sensing items
a: Renounce Religion, Oozemancy


You were on level 5 of the Dungeon.
You worshipped Jiyva.
Jiyva was most pleased with you.
You visited 1 branch of the dungeon, and saw 5 of its levels.

You collected 148 gold pieces.

Inventory:

Hand Weapons
 a - a +1 dagger of electrocution (weapon)
 f - a +0 club
Armour
 c - a +0 robe (worn)
 d - a +0 buckler (worn)
 j - a +0 pair of boots (worn)
Magical Staves
 x - a staff of earth
Jewellery
 k - an amulet of faith
 n - a ring of resist corrosion
 r - a ring of wizardry (right hand)
 w - a ring of see invisible
Wands
 v - a wand of iceblast (8)
Scrolls
 b - a scroll of fear
 i - 3 scrolls of teleportation {unknown}
 l - a scroll of torment {unknown}
 m - 2 scrolls of amnesia {unknown}
 p - a scroll of enchant weapon {unknown}
 s - a scroll of noise {unknown}
 t - 2 scrolls of identify {unknown}
 y - 2 scrolls of immolation {unknown}
 z - a scroll of silence {unknown}
 A - 2 scrolls of vulnerability {unknown}
Potions
 e - 2 potions of curing {unknown}
 g - 3 potions of mutation {unknown}
 h - 2 potions of invisibility {unknown}
 o - a potion of degeneration {unknown}
 q - 2 potions of heal wounds {unknown}
 u - a potion of lignification {unknown}


   Skills:
 + Level 5.4 Short Blades
 - Level 1.2 Armour
 - Level 1.2 Dodging
 - Level 1.0 Stealth
 - Level 2.4 Shields
 - Level 3.4 Spellcasting
 - Level 3.2 Conjurations
 - Level 1.9 Air Magic
 - Level 1.2 Evocations


You had 3 spell levels left.
You knew the following spells:

 Your Spells              Type           Power      Damage    Failure   Level
b - Searing Ray           Conj           26%        2d5       4%          2
c - Static Discharge      Conj/Air       20%        2-3/arc   4%          2
d - Passwall              Tmut/Erth      1%         N/A       14%         2
e - Blink                 Tloc           4%         N/A       14%         2
p - Freeze                Ice            8%         1d3       10%         1

Your spell library contained the following spells:

 Spells                   Type           Power      Damage    Failure   Level
 Mephitic Cloud           Conj/Pois/Air  8%         N/A       14%         3


Dungeon Overview and Level Annotations

Branches:
Dungeon (5/15) Zot: 1147
 Temple: D:4-7

Altars:
Qazlal
Wu Jian
Jiyva

Shops:
D:1 **=?   D:3 *=

Annotations:
D:3 2 transporters, Elsrick's ghost, weakling AtFi


Innate Abilities, Weirdness & Mutations

You passively map a small area around you.
You are easily found by Zot.
You glow in the dark.
You regain HP and MP as you explore.
You are very agile. (Dex +8, Str/Int -2)
You possess an exceptional clarity of mind.
You have a small jelly attached to you that senses nearby items.


Message History

The lightning grounds out.
The adder is struck by an arc of lightning.
The adder is lightly wounded.
The centaur is struck by an arc of lightning.
The centaur is moderately wounded.
You are struck by an arc of lightning.
* * * LOW HITPOINT WARNING * * *
The lightning grounds out.
* * * LOW MAGIC WARNING * * *
The orc priest casts a cantrip, but nothing happens.
The adder bites you but does no damage. You block the centaur's attack.
The centaur kicks you.
* * * LOW HITPOINT WARNING * * *
Unknown command.
Unknown command.
Unknown command.
Okay, then.
Okay, then.
The adder attacks as you move away! The adder bites you.
* * * LOW HITPOINT WARNING * * *
The orc priest attacks as you move away!
You block the orc priest's attack. The adder bites you but does no damage.
The centaur shoots a sling bullet.
The sling bullet hits you.
* * * LOW HITPOINT WARNING * * *
You hit the orc priest but do no damage.
Lightning courses through the orc priest!
The orc priest is almost dead.
You block the orc priest's attack.
The centaur shoots a sling bullet.
You block the sling bullet. The adder bites you.
* * * LOW HITPOINT WARNING * * *
You are poisoned.
The adder poisons you!
Unknown command.
You hit the orc priest but do no damage.
The orc priest is almost dead.
You feel sick.
The orc priest hits you with a +0 short sword.
* * * LOW HITPOINT WARNING * * *
The centaur shoots a sling bullet.
The sling bullet hits you!
You die...

** * #. * ###
#.# ,... #.#
#### * #.##.# *
* ...##### ....#
##.....## *#..##
#####..######!.#
# ##.........###
* #
#####.#...@o##.#
, .#
#...#.#S...# , *
.# *
###....)#......
..., ***
#.#c#....#...
###,
#.?.....l.#,..
** ....#.#.#..#
* ####$.#.#....
#.# # #.#.. * *
# * , ,.... *


You could see a centaur, an iguana, an orc priest and an adder.

Vanquished Creatures
  An ice beast (D:4)
  2 hounds
  2 orc wizards (D:5)
  5 adders
  An ufetubus (D:5)
  3 worms (D:2)
  A dart slug (D:3)
  An orc (D:5)
  4 bats
  An endoplasm (D:1)
  6 giant cockroaches
  4 goblins
  8 hobgoblins
  7 kobolds
  2 quokkas
  9 ball pythons
  5 frilled lizards
  2 rats
64 creatures vanquished.

Vanquished Creatures (others)
  An endoplasm (D:2)
  A quokka (D:3)
  4 plants (D:2)
6 creatures vanquished.

Grand Total: 70 creatures vanquished

Notes
Turn   | Place    | Note
-------+----------+-------------------------------------------
     0 | D:1      | lunkers the Meteoran Wanderer began the quest for the Orb.
     0 | D:1      | lunkers set off with the following items: a +0 club, a
                  | scroll of fear, a +0 robe, a +0 buckler; and the following
                  | spell memorised: Freeze; and the following spells available
                  | to memorise: Searing Ray, Static Discharge, Blink,
                  | Passwall, Mephitic Cloud.
     0 | D:1      | Reached XP level 1. HP: 14/14 MP: 5/5
    40 | D:1      | Found Udoukhlaof's Jewellery Emporium.
    41 | D:1      | Found Ecatweta's Magic Scroll Shop.
   140 | D:1      | Reached XP level 2. HP: 19/20 MP: 1/6
   161 | D:1      | Learned a level 2 spell: Static Discharge
   164 | D:1      | Learned a level 2 spell: Searing Ray
   176 | D:1      | Found Wulin's General Store.
   297 | D:1      | Reached XP level 3. HP: 11/26 MP: 1/8
   358 | D:1      | Found Esaxtep's General Store.
   364 | D:1      | Reached skill level 1 in Air Magic
   426 | D:2      | Found a faded altar of an unknown god.
   439 | D:2      | Prayed at the altar of an unknown god.
   439 | D:2      | Became a worshipper of Jiyva Jimmarur the Shapeless
   439 | D:2      | Reached * piety under Jiyva
   539 | D:2      | Reached XP level 4. HP: 28/33 MP: 9/9
   615 | D:2      | Found a stormy altar of Qazlal.
   894 | D:2      | Reached ** piety under Jiyva
   966 | D:3      | Found a transporter.
   967 | D:3      | Noticed Elsrick's ghost (weakling AtFi)
   971 | D:3      | Identified the +5 great mace of Instinct {heavy, rC+}
   971 | D:3      | Noticed an ogre
   973 | D:3      | Found a transporter.
   985 | D:3      | Reached skill level 1 in Short Blades
  1024 | D:3      | Reached XP level 5. HP: 38/38 MP: 11/11
  1035 | D:3      | Reached skill level 2 in Short Blades
  1104 | D:3      | Found Feraoch's Jewellery Shoppe.
  1225 | D:3      | Found Aroadoetuo's General Store.
  1247 | D:4      | Noticed an ice beast
  1250 | D:4      | Killed an ice beast
  1251 | D:4      | Reached skill level 3 in Short Blades
  1251 | D:4      | Reached XP level 6. HP: 45/45 MP: 10/12
  1293 | D:4      | Reached skill level 4 in Short Blades
  1340 | D:4      | Learned a level 2 spell: Blink
  1343 | D:4      | Learned a level 2 spell: Passwall
  1690 | D:4      | Reached *** piety under Jiyva
  1690 | D:4      | Gained mutation: You are agile. (Dex +4, Str/Int -1)
                  | [Jiyva's grace]
  1690 | D:4      | Gained mutation: You are very agile. (Dex +8, Str/Int -2)
                  | [Jiyva's grace]
  1690 | D:4      | Gained mutation: You have a small jelly attached to you
                  | that senses nearby items. [Jiyva's grace]
  1690 | D:4      | Gained mutation: You possess an exceptional clarity of
                  | mind. [Jiyva's grace]
  1720 | D:5      | Entered Level 5 of the Dungeon
  1732 | D:5      | Reached skill level 5 in Short Blades
  1773 | D:5      | Found an ornate altar of the Wu Jian Council.
  1819 | D:5      | Noticed a centaur
  1831 | D:5      | Reached XP level 7. HP: 22/50 MP: 3/13
  1834 | D:5      | Shot with a sling bullet by a centaur

Illustrated notes

Levels and vault maps discovered:
D:1:      dpeg_arrival_simpleton_a, layout_loops_ring, serial_shops,
          nicolae_shop_statue_plus, shop, shop_statue, shop,
          nicolae_shop_tiny_statue_garden, minmay_split_cup_small
D:2:      minmay_recursive_quarters, layout_loops_ring,
          dreamdust_ecumenical_altar_angels_and_demons, basic_altar,
          chequers_serial_rivers_micro_b, serial_bayou_lake_a
D:3:      layout_basic, gammafunk_ghost_smash, serial_shops, shop,
          nicolae_shop_window_shopping, uniq_crazy_yiuf_cottage, uniq_ijyb
D:4:      layout_loops_ring
D:5:      layout_rooms, lemuel_crystal_altar, grunt_decor_arrowhead,
          hangedman_decor_riveting, nicolae_fountain_basement

Skill      XL: |  1  2  3  4  5  6 |
---------------+-------------------+-----
Conjurations   | 2 3 |  3.2
Spellcasting   | 3 |  3.4
Air Magic      | 1 |  1.9
Short Blades   | 1 3 5 |  5.4
Armour         | |  1.2
Dodging        | |  1.2
Stealth        | |  1.0
Shields        | |  2.4
Evocations     | |  1.2

Action                     |  1- 3 |  4- 6 |  7- 9 || total
---------------------------+-------+-------+-------++-------
  Melee: Dagger            |    64 |   112 |     2 ||   178
   Cast: Freeze            |    10 |       |       ||    10
         Static Discharge  |     2 |     8 |     1 ||    11
         Searing Ray       |       |     2 |       ||     2
 Armour: Robe              |    28 |    45 |     2 ||    75
  Dodge: Dodged            |    33 |    50 |       ||    83
  Block: Buckler           |    21 |    26 |     4 ||    51

Table legend: (Time is in decaauts)
 A = Elapsed time spent in this place.
 B = Non-inter-level travel time spent in this place.
 C = Inter-level travel time spent in this place.
 D = Time resting spent in this place.
 E = Time spent auto-exploring this place.
 F = Levels seen in this place.
 G = Mean time per level.
                   A        B        C        D        E       F      G
               +--------+--------+--------+--------+--------+-----+--------+
         Total |   1851 |   1752 |     99 |      0 |   1215 |   5 |  370.2 |
       Dungeon |   1851 |   1752 |     99 |      0 |   1215 |   5 |  370.2 |
               +--------+--------+--------+--------+--------+-----+--------+

Top non-repeatable levels by time:
     D:2: 607 daAuts
     D:4: 501 daAuts
     D:1: 381 daAuts
     D:3: 283 daAuts
     D:5: 78 daAuts
